Map: Alcyone LE

Players

Carnage

  • Race: Zerg Zerg
  • League: Grandmaster
  • Spawn Location: 7:00

BroodWar - Winner!

  • Race: Protoss Protoss
  • League: Master
  • Spawn Location: 1:00

VOD

Have the link to the VOD?

Description

Time

  • Played on: June 19, 2024, 5:15 a.m.
  • Length: 12:01
Show
View Real Time Build Order
Export as new Build Order

Carnage Zerg 

Build Orders: Hatch First 

Get SALT Encoding   

  12  0:00  Drone  
  13  0:09  Drone  
  14  0:15  Drone, Extractor  
  15  0:41  Hatchery  
  14  0:46  Extractor  
  14  0:47  Drone  
  15  0:54  Overlord  
  15  1:13  Spawning Pool  
  14  1:27  Drone x3  
  16  1:39  Extractor  
  15  1:40  Drone  
  16  1:49  Drone  
  17  1:54  Drone  
  17  2:00  Queen  
  20  2:02  Queen  
  20  2:06  Drone  
  20  2:07  Drone  
  24  2:14  Drone  
  25  2:18  Drone  
  26  2:24  Overlord  
  26  2:29  Drone  
  27  2:34  Zergling x2  
  28  2:42  Queen  
  30  2:45  Zergling x2  
  30  2:48  Drone x2  
  33  2:51  Metabolic Boost  
  33  2:58  Overlord  
  33  3:12  Drone x3  
  36  3:16  Hatchery  
  35  3:23  Drone x2  
  35  3:26  Overlord  
  37  3:36  Zergling x10  
  42  3:45  Zergling x2  
  42  3:47  Zergling x2  
  44  3:52  Overlord  
  40  4:16  Drone x7  
  43  4:34  Spore Crawler  
  43  4:37  Zergling x16  
  50  4:51  Baneling Nest  
  50  4:52  Drone  
  50  4:53  Drone  
  50  4:54  Roach Warren  
  50  5:06  Drone x11  
  58  5:26  Drone x6  
  64  5:30  Extractor  
  64  5:31  Extractor  
  64  5:34  Queen  
  64  5:35  Overlord x3  
  62  5:47  Zergling x8  
  66  6:00  Zergling x12  
  72  6:15  Roach x7  
  81  6:26  Roach x3  
  81  6:31  Lair  
  84  6:40  Roach x3  
  85  6:54  Roach x7  
  84  7:08  Overlord x2  
  84  7:09  Roach x3  
  90  7:19  Hatchery  
  89  7:26  Drone x2  
  89  7:31  Roach  
  89  7:32  Roach x5  
  85  7:49  Roach x2  
  84  7:54  Glial Reconstitution  
  84  8:02  Hatchery  
  83  8:07  Roach x4  
  91  8:17  Overlord  
  91  8:18  Overlord  
  91  8:32  Roach x4  
  99  8:35  Queen  
  103  8:41  Roach x2  
  105  8:59  Roach x5  
  115  9:10  Overlord  
  115  9:11  Overlord  
  117  9:17  Roach x2  
  119  9:25  Overlord  
  119  9:27  Roach  
  121  9:32  Roach x2  
  121  9:33  Roach x2  
  129  9:44  Roach x6  
  137  10:00  Roach  
  137  10:01  Roach x3  
  140  10:18  Roach x4  
  140  10:19  Roach  
  123  10:30  Roach  
  123  10:31  Roach x5  
  116  10:50  Roach x7  
  99  11:20  Roach  
  99  11:21  Roach  
  99  11:35  Roach  
Show
View Real Time Build Order
Export as new Build Order

BroodWar Protoss - Winner!

Build Orders: 1 Gate Expand 

Get SALT Encoding   

  12  0:00  Probe  
  13  0:12  Probe  
  14  0:18  Pylon  
  14  0:24  Probe  
  15  0:36  Probe (Chrono Boost)  
  15  0:39  Gateway  
  16  0:48  Probe (Chrono Boost), Assimilator  
  17  0:53  Probe (Chrono Boost)  
  18  1:03  Probe  
  19  1:15  Probe  
  20  1:27  Nexus  
  20  1:40  Cybernetics Core  
  20  1:42  Probe  
  21  1:52  Pylon  
  21  1:54  Probe  
  22  2:06  Probe  
  23  2:13  Adept (Chrono Boost)  
  23  2:18  Gateway, Probe  
  26  2:31  Probe  
  26  2:33  Adept (Chrono Boost)  
  29  2:39  Probe  
  29  2:43  Probe  
  31  2:54  Nexus  
  31  2:56  Probe  
  32  2:59  Probe  
  32  3:04  Adept (Chrono Boost)  
  35  3:10  Adept (Chrono Boost)  
  37  3:18  Probe x2  
  38  3:23  Twilight Council  
  38  3:27  Adept (Chrono Boost)  
  38  3:30  Probe  
  38  3:31  Probe, Adept (Chrono Boost)  
  44  3:38  Pylon  
  44  3:42  Probe  
  44  3:43  Probe  
  46  3:52  Gateway  
  46  3:54  Gateway  
  46  3:57  Probe  
  46  3:58  Probe  
  48  4:08  Probe  
  48  4:09  Probe  
  50  4:11  Adept x2 (Chrono Boost)  
  50  4:14  Probe  
  53  4:18  Charge (Chrono Boost)  
  53  4:20  Probe  
  52  4:26  Probe  
  52  4:27  Gateway  
  52  4:28  Probe  
  52  4:29  Gateway  
  54  4:33  Gateway  
  54  4:35  Probe  
  55  4:38  Probe  
  55  4:40  Probe  
  55  4:43  Zealot x2  
  61  4:47  Probe  
  61  4:50  Probe  
  61  4:51  Pylon  
  61  4:52  Probe  
  64  4:56  Zealot  
  64  4:59  Zealot, Probe  
  69  5:10  Shield Battery, Probe  
  69  5:12  Zealot x2  
  69  5:14  Shield Battery  
  74  5:15  Zealot  
  74  5:20  Zealot (Chrono Boost)  
  77  5:26  Pylon x2  
  77  5:28  Pylon  
  77  5:37  Pylon  
  77  5:43  Zealot x2 (Chrono Boost)  
  77  5:44  Probe x3  
  77  5:45  Pylon  
  88  5:50  Zealot (Chrono Boost)  
  88  5:51  Zealot (Chrono Boost)  
  88  5:53  Zealot x2 (Chrono Boost)  
  88  5:54  Zealot (Chrono Boost)  
  90  6:01  Zealot x2  
  94  6:14  Nexus  
  94  6:15  Pylon  
  88  6:26  Zealot x5  
  88  6:28  Zealot x2 (Chrono Boost)  
  88  6:29  Probe  
  88  6:30  Probe x2  
  103  6:36  Forge  
  103  6:42  Probe x3  
  102  6:49  Forge  
  102  6:52  Zealot x2 (Chrono Boost)  
  102  6:53  Zealot (Chrono Boost)  
  102  6:54  Probe x3  
  110  7:00  Zealot (Chrono Boost)  
  110  7:01  Zealot (Chrono Boost)  
  113  7:05  Protoss Ground Weapons Level 1 (Chrono Boost)  
  113  7:06  Probe x3  
  116  7:08  Pylon  
  116  7:09  Blink  
  116  7:18  Probe x3  
  116  7:19  Zealot x4  
  116  7:22  Zealot  
  119  7:24  Zealot  
  109  7:30  Zealot (Chrono Boost), Probe x3  
  109  7:33  Protoss Ground Armor Level 1 (Chrono Boost)  
  106  7:46  Zealot x2 (Chrono Boost)  
  102  7:53  Zealot x2 (Chrono Boost)  
  102  7:54  Stalker (Chrono Boost)  
  102  7:56  Nexus  
  102  7:57  Pylon  
  108  8:01  Stalker x2 (Chrono Boost)  
  108  8:06  Probe  
  108  8:07  Probe x3, Stalker (Chrono Boost)  
  108  8:08  Stalker (Chrono Boost), Pylon  
  116  8:13  Stalker  
  116  8:14  Photon Cannon  
  116  8:15  Photon Cannon  
  116  8:16  Stalker, Photon Cannon  
  120  8:26  Gateway  
  120  8:27  Gateway  
  120  8:30  Gateway  
  120  8:33  Gateway  
  120  8:35  Gateway  
  120  8:38  Gateway  
  120  8:41  Gateway  
  120  8:43  Gateway  
  120  8:46  Gateway  
  120  8:53  Stalker x2  
  120  8:54  Zealot x3, Gateway x2  
  130  8:57  Zealot x2  
  130  8:59  Probe x2  
  130  9:00  Probe  
  137  9:08  Probe  
  137  9:09  Pylon  
  138  9:11  Pylon  
  138  9:13  Pylon  
  140  9:25  Photon Cannon  
  140  9:26  Zealot x6 (Chrono Boost)  
  140  9:27  Photon Cannon  
  140  9:28  Stalker (Chrono Boost)  
  156  9:35  Zealot (Chrono Boost)  
  156  9:36  Zealot (Chrono Boost)  
  156  9:38  Stalker (Chrono Boost)  
  158  9:41  Zealot x2 (Chrono Boost)  
  158  9:42  Zealot x3 (Chrono Boost)  
  158  9:43  Zealot (Chrono Boost)  
  158  9:44  Zealot (Chrono Boost)  
  170  9:46  Zealot x2 (Chrono Boost)  
  170  9:47  Zealot (Chrono Boost)  
  182  9:56  Zealot x2 (Chrono Boost)  
  182  9:58  Zealot (Chrono Boost)  
  184  10:02  Zealot x2 (Chrono Boost)  
  192  10:07  Zealot (Chrono Boost)  
  192  10:08  Zealot (Chrono Boost)  
  192  10:09  Zealot (Chrono Boost)  
  192  10:10  Zealot (Chrono Boost)  
  198  10:15  Zealot (Chrono Boost)  
  198  10:16  Zealot x2 (Chrono Boost)  
  198  10:17  Stalker (Chrono Boost)  
  198  10:19  Zealot (Chrono Boost)  
  198  10:21  Zealot x3 (Chrono Boost)  
  177  10:24  Zealot (Chrono Boost)  
  177  10:27  Zealot (Chrono Boost)  
  177  10:28  Zealot (Chrono Boost)  
  165  10:30  Zealot (Chrono Boost)  
  165  10:32  Stalker x2 (Chrono Boost)  
  165  10:35  Zealot (Chrono Boost)  
  177  10:36  Zealot (Chrono Boost)  
  177  10:37  Zealot x2 (Chrono Boost)  
  177  10:40  Zealot x2 (Chrono Boost)  
  177  10:41  Zealot (Chrono Boost)  
  177  10:42  Zealot (Chrono Boost)  
  183  10:43  Zealot (Chrono Boost)  
  183  10:44  Zealot x3 (Chrono Boost)  
  183  10:45  Zealot (Chrono Boost)  
  183  10:46  Zealot (Chrono Boost)  
  183  10:47  Zealot  
  183  10:49  Zealot  
  173  10:55  Zealot x3  
  173  10:56  Zealot  
  173  10:57  Zealot, Stalker  
  175  11:01  Zealot  
  175  11:02  Zealot  
  175  11:04  Zealot  
  181  11:06  Zealot  
  181  11:08  Zealot  
  181  11:09  Zealot  
  181  11:10  Zealot  
  167  11:11  Zealot  
  167  11:12  Zealot  
  167  11:13  Zealot  
  167  11:14  Zealot  
  167  11:17  Zealot  
  157  11:22  Zealot x2  
  157  11:23  Zealot  
  165  11:25  Zealot x2  
  165  11:27  Zealot  
  165  11:28  Zealot  
  165  11:30  Stalker (Chrono Boost)  
  165  11:31  Zealot (Chrono Boost)  
  169  11:35  Zealot (Chrono Boost)  
Tags
 
Add a new tag
Caveats
  • Supply blocks, unpowered buildings, or Contaminate may cause inaccurate times.
  • Supply counts are checked every 10 seconds.